AoeStats
← AOKI_GworK

QS Arena

503676506Analyzed
4v4 RM · 1mo ago on Sep 1, 2026· 39m 58s· 8 players
Game mode
Random Map
Map size
Large (8 player)
Population
200
Speed
Normal
Resources
Standard
Victory
Conquest
Starting age
Dark Age
Ending age
Imperial Age
RankedLock teamsTeams togetherTeam positionsShared explorationLock speedFull tech treeHidden civsTurbo modeCheats
Victory
Defeat
🇫🇷 Gurjaras · France
1804
+11
🇫🇷 Lithuanians · France
1789
+11
🇫🇷 Turks · France
1703
+15
🇫🇷 Cumans · France
1671
+16
🇧🇷 Japanese · Brazil
1767
-17
🇺🇸 Burgundians · United States
1732
-16
🇧🇷 Sicilians · Brazil
1611
-10
🇧🇷 Saracens · Brazil
1610
-10
SS_Guxta
8:29 Feudal Age
7:37 Double-Bit Axe
12:19 Castle Age
10:21 Horse Collar
12:13 Bow Saw
17:05 Wheelbarrow
16:17 Loom
18:47 Heavy Plow
20:35 Two-Man Saw
20:59 Hand Cart
21:22 Town Watch
27:19 Imperial Age
25:21 Scale Mail Armor
25:32 Forging
25:09 Pikeman
26:21 Chain Mail Armor
26:32 Burgundian Vineyards
27:25 Forging
27:17 Gold Mining
27:59 Crop Rotation
27:47 Squires
27:33 Arson
28:35 Conscription
27:41 Halberdier
29:37 Chemistry
29:27 Plate Mail Armor
30:07 Iron Casting
30:13 Padded Archer Armor
31:14 Leather Archer Armor
32:01 Blast Furnace
31:41 Coinage
31:52 Masonry
32:14 Fletching
32:20 Elite Skirmisher
33:01 Bodkin Arrow
33:43 Ballistics
34:09 Bracer
38:58 Banking
39:27 Architecture
Croccia
4:17 Loom
6:26 Feudal Age
6:59 Double-Bit Axe
8:24 Fletching
15:26 Castle Age
13:48 Gold Mining
17:07 Horse Collar
19:15 Bow Saw
22:50 Wheelbarrow
25:38 Bodkin Arrow
28:35 Imperial Age
26:59 Hand Cart
29:38 Conscription
29:29 Scale Barding Armor
Fs.TARTARUGA VELOZ
8:28 Feudal Age
10:14 Horse Collar
12:40 Castle Age
11:18 Double-Bit Axe
13:48 Bow Saw
15:06 Heavy Plow
18:20 Wheelbarrow
20:16 Hand Cart
19:48 Loom
20:19 Gold Mining
20:22 Stone Mining
26:31 Imperial Age
23:56 Fletching
24:27 Ballistics
24:36 Bodkin Arrow
25:22 Padded Archer Armor
25:55 Thumb Ring
26:35 Bloodlines
26:25 Husbandry
27:15 Bracer
28:29 Chemistry
27:57 Parthian Tactics
27:27 Pikeman
28:57 Scale Mail Armor
28:35 Halberdier
29:15 Squires
30:09 Heavy Cavalry Archer
32:21 Chain Mail Armor
32:17 Forging
33:35 Guard Tower
34:18 Plate Mail Armor
33:38 Town Watch
34:33 Yasama
34:55 Conscription
35:12 Iron Casting
35:39 Leather Archer Armor
37:21 Keep
38:37 Kataparuto
38:16 Elite Skirmisher
39:02 Caravan
GAX | Subzeroaoe
7:33 Feudal Age
8:43 Loom
13:19 Castle Age
13:47 Double-Bit Axe
20:44 Town Watch
26:19 Stone Mining
26:39 Fletching
31:33 Imperial Age
29:08 Scale Mail Armor
31:24 Wheelbarrow
32:29 Bow Saw
31:59 Horse Collar
32:42 Light Cavalry
33:54 Scale Barding Armor
33:59 Forging
33:57 Heavy Plow
34:25 Gold Mining
34:07 Cavalier
34:48 Husbandry
35:24 Chain Barding Armor
35:18 Bloodlines
35:08 Husbandry
35:59 Husbandry
36:11 Bloodlines
36:58 Plate Barding Armor
37:10 Forging
36:23 Cavalier
37:19 Hand Cart
40:29 Iron Casting
AOKI_Totor
8:12 Feudal Age
12:27 Castle Age
10:37 Double-Bit Axe
10:59 Horse Collar
15:14 Loom
17:31 Bow Saw
19:01 Wheelbarrow
19:13 Gold Mining
19:52 Heavy Plow
21:09 Bloodlines
21:21 Town Watch
21:35 Stone Mining
22:31 Scale Barding Armor
24:03 Gold Shaft Mining
25:18 Husbandry
27:51 Imperial Age
26:06 Padded Archer Armor
27:05 Leather Archer Armor
27:33 Masonry
28:41 Hand Cart
30:46 Two-Man Saw
30:19 Ring Archer Armor
33:49 Heavy Camel Rider
34:44 Forging
35:55 Chain Barding Armor
36:11 Iron Casting
38:07 Conscription
37:49 Artillery
38:53 Plate Barding Armor
39:19 Blast Furnace
39:59 Ballistics
39:35 Murder Holes
39:50 Fortified Wall
39:28 Arrowslits
40:03 Bombard Tower
AOKI_Nyusika
2:49 Loom
5:49 Feudal Age
6:26 Double-Bit Axe
6:21 Horse Collar
18:02 Castle Age
19:06 Bow Saw
18:56 Heavy Plow
20:29 Stone Mining
22:24 Wheelbarrow
23:48 Gold Mining
26:19 Fletching
29:17 Imperial Age
28:14 Scale Barding Armor
28:19 Forging
29:21 Bloodlines
30:01 Chain Barding Armor
30:42 Iron Casting
31:23 Plate Barding Armor
31:33 Conscription
32:26 Chemistry
32:16 Elite Leitis
34:02 Bodkin Arrow
34:08 Padded Archer Armor
34:34 Thumb Ring
35:37 Two-Man Saw
34:53 Hand Cart
34:23 Town Watch
35:19 Bracer
35:42 Ballistics
37:16 Tower Shields
37:11 Treadmill Crane
37:42 Masonry
39:40 Padded Archer Armor
39:00 Elite Skirmisher
AOKI_GworK
6:25 Feudal Age
6:54 Double-Bit Axe
6:50 Horse Collar
8:30 Loom
16:26 Wheelbarrow
21:19 Castle Age
19:35 Gold Mining
19:35 Stone Mining
19:54 Fletching
21:01 Padded Archer Armor
22:14 Bow Saw
22:04 Bodkin Arrow
22:21 Town Watch
23:14 Bloodlines
23:53 Hand Cart
24:26 Leather Archer Armor
24:51 Gold Shaft Mining
24:50 Thumb Ring
26:19 Ballistics
26:16 Thumb Ring
30:30 Imperial Age
28:34 Steppe Husbandry
29:58 Masonry
31:43 Ring Archer Armor
32:16 Chemistry
32:15 Elite Kipchak
33:18 Conscription
33:36 Parthian Tactics
34:50 Pikeman
35:31 Squires
35:32 Scale Mail Armor
35:54 Cuman Mercenaries
36:03 Capped Ram
36:05 Halberdier
37:01 Chain Mail Armor
36:56 Forging
37:22 Siege Ram
38:57 Plate Mail Armor
AOKI_Thanouille
7:37 Feudal Age
11:15 Castle Age
9:15 Double-Bit Axe
9:29 Horse Collar
12:09 Bow Saw
17:57 Loom
18:04 Gold Mining
18:20 Heavy Plow
19:45 Wheelbarrow
20:06 Town Watch
20:25 Gold Mining
21:56 Hand Cart
23:23 Gold Shaft Mining
26:28 Imperial Age
24:22 Scale Barding Armor
25:11 Forging
25:30 Bloodlines
25:20 Husbandry
25:42 Chain Barding Armor
26:33 Heavy Camel Rider
26:56 Elite Shrivamsha Rider
28:39 Plate Barding Armor
28:47 Crop Rotation
31:33 Kshatriyas
33:01 Chemistry
33:06 Conscription
33:03 Padded Archer Armor
32:55 Light Cavalry
34:12 Gold Shaft Mining
33:27 Stone Mining
34:17 Iron Casting
34:43 Leather Archer Armor
35:14 Ballistics
35:57 Elite Elephant Archer
36:52 Thumb Ring
37:14 Fletching
37:15 Hussar
38:14 Bodkin Arrow
40:22 Stone Shaft Mining
40:04 Caravan
40:18 Bracer
40:37 Masonry
Connection lost

Rejoining the realm…

Still unreachable

The connection could not be restored.

Session expired

The server has moved on; the page needs a fresh start.